 Dungeon Crawl Stone Soup version 0.32-a0-876-gcfddb08e57 (webtiles) character file.

Game seed: 8569792938468186645

112 Autsider the Magician (level 4, -11/24 HPs)
             Began as a Deep Elf Hedge Wizard on Mar 31, 2024.
             Killed by divine providence
             ... invoked by an orc priest
              (13 damage)
             ... on level 3 of the Dungeon.
             The game lasted 00:06:35 (2822 turns).

Autsider the Magician (Deep Elf Hedge Wizard)       Turns: 2822, Time: 00:06:36

Health: -11/24     AC:  2    Str:  7    XL:     4   Next: 64%
Magic:  4/13       EV: 12    Int: 27    God:
Gold:   116        SH:  0    Dex: 14    Spells: 12/13 levels left

rFire   . . .        (no weapon)
rCold   . . .        (no shield)
rNeg    . . .        b - +0 robe
rPois   .            c - +0 hat
rElec   .            (no cloak)
rCorr   .            (no gloves)
SInv    .            (no boots)
Will    .....        (no amulet)
Stlth   ++           l - +6 ring of intelligence
HPRegen 0.24/turn    (no ring)
MPRegen 0.13/turn

%: no passive effects
@: no status effects
A: no striking features
a: Convert to Beogh


You were on level 3 of the Dungeon.
You visited 1 branch of the dungeon, and saw 3 of its levels.

You collected 116 gold pieces.

Inventory:

Armour
 b - a +0 robe (worn)
 c - a +0 hat (worn)
Jewellery
 l - a +6 ring of intelligence (left hand)
Talismans
 e - a storm talisman
 n - a beast talisman
Scrolls
 a - a scroll of enchant armour {unknown}
 f - a scroll of silence {unknown}
 h - 2 scrolls of revelation {unknown}
 i - 3 scrolls of identify {unknown}
 k - a scroll of immolation {unknown}
 m - a scroll of poison {unknown}
Potions
 d - a potion of magic
 g - a potion of enlightenment {unknown}
 j - a potion of heal wounds {unknown}


   Skills:
 - Level 3.0 Dodging
 - Level 3.0 Stealth
 + Level 5.4 Spellcasting
 + Level 2.6 Conjurations
 + Level 2.6 Summonings
 - Level 1.1 Translocations


You had 12 spell levels left.
You knew the following spells:

 Your Spells              Type           Power      Damage    Failure   Level
a - Magic Dart            Conj           84%        1d7       2%          1

Your spell library contained the following spells:

 Spells                   Type           Power      Damage    Failure   Level
 Call Imp                 Summ           42%        N/A       3%          2
 Searing Ray              Conj           42%        2d6       3%          2
 Slow                     Hex            28%        N/A       7%          1
 Blink                    Tloc           26%        N/A       7%          2
 Cigotuvi's Dreadful Rot  Necr/Alch/Air  14%        N/A       11%         2
 Ensorcelled Hibernation  Hex/Ice        14%        N/A       11%         2
 Mephitic Cloud           Conj/Alch/Air  12%        N/A       14%         3
 Passwall                 Erth           7%         N/A       21%         3
 Swiftness                Air            7%         N/A       21%         3
 Fulminant Prism          Conj/Alch      7%         3d7       36%         4


Dungeon Overview and Level Annotations

Branches:
Dungeon (3/15)

Altars:

Shops:
D:3 *


Message History

The orc priest is lightly wounded.
Casting: Magic Dart (safe; 2% risk of failure)
Confirm with . or Enter, or press ? or * to list all spells.
Aiming: Magic Dart (safe; 2% risk of failure)
Press: ? - help, Shift-Dir - straight line, f/p - orc priest
Aim: an orc priest, wielding a +0 club and wearing a +0 leather armour (lightly wounded, 100% to hit)
The magic dart hits the orc priest.
The orc priest is heavily wounded.
The orc priest invokes the aid of Beogh against you.
Pain shoots through your body!
Casting: Magic Dart (safe; 2% risk of failure)
Confirm with . or Enter, or press ? or * to list all spells.
Aiming: Magic Dart (safe; 2% risk of failure)
Press: ? - help, Shift-Dir - straight line, f/p - orc priest
Aim: an orc priest, wielding a +0 club and wearing a +0 leather armour (heavily wounded, 100% to hit)
The magic dart hits the orc priest.
The orc priest is severely wounded.
The orc priest invokes the aid of Beogh against you.
Beogh smites you!
* * * LOW HITPOINT WARNING * * *
The orc priest shouts, "Beogh offers mercy even to people such as you.
Join us and be reborn!" (press Y on the ability menu to convert to Beogh)
Casting: Magic Dart (safe; 2% risk of failure)
Confirm with . or Enter, or press ? or * to list all spells.
Aiming: Magic Dart (safe; 2% risk of failure)
Press: ? - help, Shift-Dir - straight line, f/p - orc priest
Aim: an orc priest, wielding a +0 club and wearing a +0 leather armour (severely wounded, 100% to hit)
The magic dart hits the orc priest.
The orc priest is severely wounded.
The orc priest threatens, "Beogh's wrath is as vast as their mercy.
Make your choice!" The orc priest hits you with a +0 club.
* * * LOW HITPOINT WARNING * * *
The orc attacks as it pursues you! The orc hits you with a +0 club.
* * * LOW HITPOINT WARNING * * *
The orc priest attacks as it pursues you!
The orc priest misses you.
The orc priest calls down the wrath of Beogh upon you.
Beogh smites you!
Ouch! That really hurt!
You die...

o.. ........>.#.####.#. .o.
............# #.#. #o.
#.........### #.#. #.#
#...>.....######.#. #.#
#....†........†..#.
##.####)###.........)........
.........##.........#####..##
##.####.ooo........†#####..#
)........o.@.....#).......#
#.#####.#####.#.##.#####..##
#.# #.#.##.# #....
........#.##<# #.###
#..#######.##.#####.# # #..#
#..........# # #..#
#.#...###### # #.#.#.# #
#..∩..# #


You could see an orc priest and 3 orcs.

Vanquished Creatures
  3 adders
  3 dart slugs (D:1)
  4 orcs (D:3)
  8 bats
  2 endoplasms
  3 giant cockroaches
  5 goblins
  8 hobgoblins
  11 jackals
  4 kobolds
  3 quokkas
  7 ball pythons
  2 frilled lizards
  3 rats
66 creatures vanquished.

Notes
Turn   | Place    | Note
-------+----------+-------------------------------------------
     0 | D:1      | Autsider the Deep Elf Hedge Wizard began the quest for the
                  | Orb.
     0 | D:1      | Reached XP level 1. HP: 10/10 MP: 7/7
   257 | D:1      | Reached XP level 2. HP: 15/15 MP: 6/9
   949 | D:1      | Reached XP level 3. HP: 18/19 MP: 8/11
  1447 | D:2      | Reached skill level 5 in Spellcasting
  1925 | D:2      | Reached XP level 4. HP: 24/24 MP: 11/13
  2586 | D:3      | Found Gemixes's General Store.
  2822 | D:3      | Killed from afar by an orc priest

Illustrated notes

Levels and vault maps discovered:
D:1:      lemuel_arrival_lava_pool, layout_basic, minmay_tromino_v4_a
D:2:      layout_loops_ring, kennysheep_another_room,
          minmay_misc_feat_nine_boxes, roderic_serpentine_path
D:3:      layout_loops_ring, serial_shops, nicolae_shop_crystal, uniq_jessica

Skill      XL: |  1  2  3 |
---------------+----------+-----
Stealth        | 3 |  3.0
Dodging        | 3 |  3.0
Spellcasting   | 5 |  5.4
Conjurations   | 2 |  2.6
Summonings     | 2 |  2.6
Translocations | |  1.1

Action                     |  1- 3 |  4- 6 || total
---------------------------+-------+-------++-------
  Melee: Dagger            |     1 |       ||     1
   Cast: Magic Dart        |   111 |    45 ||   156
 Armour: Robe              |    20 |     3 ||    23
  Dodge: Dodged            |    34 |     4 ||    38

Table legend: (Time is in decaauts)
 A = Elapsed time spent in this place.
 B = Non-inter-level travel time spent in this place.
 C = Inter-level travel time spent in this place.
 D = Time resting spent in this place.
 E = Time spent auto-exploring this place.
 F = Levels seen in this place.
 G = Mean time per level.
                   A        B        C        D        E       F      G
               +--------+--------+--------+--------+--------+-----+--------+
         Total |   2821 |   2753 |     68 |    314 |   2102 |   3 |  940.3 |
       Dungeon |   2821 |   2753 |     68 |    314 |   2102 |   3 |  940.3 |
               +--------+--------+--------+--------+--------+-----+--------+

Top non-repeatable levels by time:
     D:2: 1242 daAuts
     D:1: 1149 daAuts
     D:3: 429 daAuts
